TOP OF THE 1ST |
Nashville Sounds batting - Pitching for Tacoma Rainiers : RHP Amine Laurent
|
Pitching: RHP Amine Laurent
|
|
Batting: RHB Jeff Garofalo
|
0-0: Ball 1-0: Foul Ball, location: 2F 1-1: Swinging Strike 1-2: SINGLE (Groundball, 5D, EV 97.5 MPH)
|
Batting: LHB Paul Perry
|
0-0: Called Strike Jeff Garofalo steals 2nd base 0-1: Ball 1-1: Ball 2-1: 2-RUN HOME RUN (Flyball, 7D, EV 98.1 MPH), Distance : 385 ft
|
Batting: LHB Isto Mäyrä
|
0-0: Ball 1-0: Called Strike 1-1: Swinging Strike 1-2: Ball 2-2: Ball 3-2: Fly out, F7 (Flyball, 7S, EV 86.9 MPH)
|
Batting: RHB Dusty Thompson
|
0-0: Ball 1-0: Foul Ball, location: 2F 1-1: Swinging Strike 1-2: Ball 2-2: Ball 3-2: Foul Ball, location: 2F 3-2: Foul Ball, location: 2F 3-2: Base on Balls
|
Batting: RHB Colin Boddy
|
0-0: Called Strike 0-1: Called Strike 0-2: Fly out, F9 (Flyball, 9D, EV 92.5 MPH)
|
Batting: SHB Gregg Whitecotton
|
0-0: Ball 1-0: Called Strike 1-1: SINGLE (Groundball, 3D, EV 98.8 MPH) Dusty Thompson to second Runner from 2nd tries for 3rd, SAFE, throw by RF made to third
|
Batting: RHB Josh Sinden
|
0-0: Called Strike 0-1: Ball 1-1: Ball 2-1: Foul Ball, location: 2F 2-2: Ball 3-2: Base on Balls Gregg Whitecotton to second
|
Batting: RHB Mike Cervino
|
0-0: Called Strike 0-1: Ball 1-1: Ball 2-1: Foul Ball, location: 2F 2-2: Fly out, F9 (Flyball, 9, EV 74.4 MPH)
|
Top of the 1st over - 2 runs, 3 hits, 0 errors, 3 left on base; Nashville 2 - Tacoma 0 |
BOTTOM OF THE 1ST |
Tacoma Rainiers batting - Pitching for Nashville Sounds : RHP Josh Hebert
|
Pitching: RHP Josh Hebert
|
|
Batting: LHB Ignacio Bernal
|
0-0: Ball 1-0: Called Strike 1-1: Ground out U3 (Groundball, 3L, EV 88.1 MPH)
|
Batting: RHB Tatsunori Hayakawa
|
0-0: Ball 1-0: Bunt missed! 1-1: Swinging Strike 1-2: Strikes out swinging
|
Batting: LHB Tom Reynolds
|
0-0: Foul Ball, location: 2F 0-1: SINGLE (Line Drive, 78M, EV 98.1 MPH)
|
Batting: RHB Kumar Madugula
|
0-0: Ball 1-0: Called Strike 1-1: Fly out, F9 (Flyball, 9S, EV 89.4 MPH)
|
Bottom of the 1st over - 0 runs, 1 hit, 0 errors, 1 left on base; Nashville 2 - Tacoma 0 |
TOP OF THE 2ND |
Nashville Sounds batting - Pitching for Tacoma Rainiers : RHP Amine Laurent
|
Batting: RHB Daniel Barger
|
0-0: Ball 1-0: Ball 2-0: Called Strike 2-1: Foul Ball, location: 2F 2-2: Ground out 3-1 (Groundball, 34S, EV 67.5 MPH)
|
Batting: RHB Jeff Garofalo
|
0-0: Fly out, F5 (Popup, 56S, EV 79.4 MPH)
|
Batting: LHB Paul Perry
|
0-0: Ground out U3 (Groundball, 3L, EV 89.4 MPH)
|
Top of the 2nd over - 0 runs, 0 hits, 0 errors, 0 left on base; Nashville 2 - Tacoma 0 |
BOTTOM OF THE 2ND |
Tacoma Rainiers batting - Pitching for Nashville Sounds : RHP Josh Hebert
|
Batting: SHB Ismael Bello
|
0-0: Ball 1-0: Swinging Strike 1-1: Called Strike 1-2: Foul Ball, location: 2F 1-2: Foul Ball, location: 2F 1-2: Strikes out looking
|
Batting: RHB David Aguilar
|
0-0: Called Strike 0-1: Ball 1-1: Ball 2-1: Foul Ball, location: 2F 2-2: Foul Ball, location: 2F 2-2: Ball 3-2: Ground out 6-3 (Groundball, 6, EV 103.1 MPH)
|
Batting: SHB Tony de Lara
|
0-0: Called Strike 0-1: Called Strike 0-2: Foul Ball, location: 2F 0-2: Ball 1-2: Strikes out swinging
|
Bottom of the 2nd over - 0 runs, 0 hits, 0 errors, 0 left on base; Nashville 2 - Tacoma 0 |
TOP OF THE 3RD |
Nashville Sounds batting - Pitching for Tacoma Rainiers : RHP Amine Laurent
|
Batting: LHB Isto Mäyrä
|
0-0: Called Strike 0-1: Ball 1-1: Ball 2-1: Fly out, F7 (Flyball, 7, EV 90.0 MPH)
|
Batting: RHB Dusty Thompson
|
0-0: Ball 1-0: Ball 2-0: SINGLE (Line Drive, 9LS, EV 90.6 MPH)
|
Batting: RHB Colin Boddy
|
0-0: Foul Ball, location: 2F 0-1: Ball 1-1: Ball 2-1: Ball 3-1: Foul Ball, location: 2F 3-2: Grounds into double play, 1-4-3 (Groundball, P, EV 62.5 MPH)
|
Top of the 3rd over - 0 runs, 1 hit, 0 errors, 0 left on base; Nashville 2 - Tacoma 0 |
BOTTOM OF THE 3RD |
Tacoma Rainiers batting - Pitching for Nashville Sounds : RHP Josh Hebert
|
Batting: RHB Sumiki Ryu
|
0-0: Called Strike 0-1: SOLO HOME RUN (Flyball, 7D, EV 98.8 MPH), Distance : 371 ft
|
Batting: RHB Jim Begger
|
0-0: Ball 1-0: Called Strike 1-1: Ball 2-1: SINGLE (Line Drive, 7S, EV 101.2 MPH)
|
Batting: LHB Ignacio Bernal
|
0-0: Swinging Strike 0-1: Ball 1-1: Foul Ball, location: 2F 1-2: Ball 2-2: Fielders Choice at 2nd, 6-4 (Groundball, 6, EV 108.1 MPH)
|
Batting: RHB Tatsunori Hayakawa
|
0-0: Called Strike 0-1: Ball 1-1: Called Strike 1-2: Ball 2-2: Fly out, F9 (Line Drive, 9, EV 93.1 MPH)
|
Batting: LHB Tom Reynolds
|
0-0: Called Strike 0-1: Ground out U3 (Groundball, 3, EV 76.9 MPH)
|
Bottom of the 3rd over - 1 run, 2 hits, 0 errors, 1 left on base; Nashville 2 - Tacoma 1 |
TOP OF THE 4TH |
Nashville Sounds batting - Pitching for Tacoma Rainiers : RHP Amine Laurent
|
Batting: SHB Gregg Whitecotton
|
0-0: Ball 1-0: Called Strike 1-1: Foul Ball, location: 2F 1-2: Ball 2-2: Foul Ball, location: 2F 2-2: Ball 3-2: Foul Ball, location: 2F 3-2: Strikes out swinging
|
Batting: RHB Josh Sinden
|
0-0: Ball 1-0: Ball 2-0: Foul Ball, location: 2F 2-1: Fly out, F7 (Flyball, 78D, EV 97.5 MPH)
|
Batting: RHB Mike Cervino
|
0-0: Called Strike 0-1: Ball 1-1: Swinging Strike 1-2: Ball 2-2: Foul Ball, location: 2F 2-2: Foul Ball, location: 2F 2-2: Fly out, F8 (Line Drive, 8LD, EV 99.4 MPH)
|
Top of the 4th over - 0 runs, 0 hits, 0 errors, 0 left on base; Nashville 2 - Tacoma 1 |
BOTTOM OF THE 4TH |
Tacoma Rainiers batting - Pitching for Nashville Sounds : RHP Josh Hebert
|
Batting: RHB Kumar Madugula
|
0-0: Ground out 6-3 (Groundball, 6, EV 76.9 MPH)
|
Batting: SHB Ismael Bello
|
0-0: Called Strike 0-1: Called Strike 0-2: Ball 1-2: Ball 2-2: Ground out 4-3 (Groundball, 4MS, EV 90.6 MPH)
|
Batting: RHB David Aguilar
|
0-0: Foul Ball, location: 2F 0-1: Called Strike 0-2: Ball 1-2: Ball 2-2: Ball 3-2: Strikes out looking
|
Bottom of the 4th over - 0 runs, 0 hits, 0 errors, 0 left on base; Nashville 2 - Tacoma 1 |
TOP OF THE 5TH |
Nashville Sounds batting - Pitching for Tacoma Rainiers : RHP Amine Laurent
|
Batting: RHB Daniel Barger
|
0-0: Swinging Strike 0-1: Swinging Strike 0-2: Strikes out looking
|
Batting: RHB Jeff Garofalo
|
0-0: Foul Ball, location: 2F 0-1: Ball 1-1: Called Strike 1-2: Foul Ball, location: 2F 1-2: Strikes out swinging, 2-3 out at first.
|
Batting: LHB Paul Perry
|
0-0: Ball 1-0: Swinging Strike 1-1: Ground out U3 (Groundball, 3, EV 82.5 MPH)
|
Top of the 5th over - 0 runs, 0 hits, 0 errors, 0 left on base; Nashville 2 - Tacoma 1 |
BOTTOM OF THE 5TH |
Tacoma Rainiers batting - Pitching for Nashville Sounds : RHP Josh Hebert
|
Batting: SHB Tony de Lara
|
0-0: Called Strike 0-1: Ball 1-1: Ball 2-1: Ground out 3-1 (Groundball, 34, EV 80.0 MPH)
|
Batting: RHB Sumiki Ryu
|
0-0: Called Strike 0-1: Ball 1-1: Ball 2-1: Ground out 4-3 (Groundball, 4, EV 101.2 MPH)
|
Batting: RHB Jim Begger
|
0-0: Ground out 6-3 (Groundball, 6, EV 86.9 MPH)
|
Bottom of the 5th over - 0 runs, 0 hits, 0 errors, 0 left on base; Nashville 2 - Tacoma 1 |
TOP OF THE 6TH |
Nashville Sounds batting - Pitching for Tacoma Rainiers : RHP Amine Laurent
|
Batting: LHB Isto Mäyrä
|
0-0: Called Strike 0-1: Ball 1-1: Swinging Strike 1-2: Ball 2-2: Foul Ball, location: 2F 2-2: Ball 3-2: Fly out, F3 (Line Drive, 3, EV 67.5 MPH)
|
Batting: RHB Dusty Thompson
|
0-0: Ball 1-0: Swinging Strike 1-1: Swinging Strike 1-2: Ball 2-2: SINGLE (Line Drive, 8LS, EV 103.8 MPH)
|
Pitching: LHP Steve Cruz
|
|
Batting: RHB Colin Boddy
|
0-0: Ball 1-0: Swinging Strike 1-1: Grounds into double play, 5-4-3 (Groundball, 56S, EV 84.4 MPH)
|
Top of the 6th over - 0 runs, 1 hit, 0 errors, 0 left on base; Nashville 2 - Tacoma 1 |
BOTTOM OF THE 6TH |
Tacoma Rainiers batting - Pitching for Nashville Sounds : RHP Josh Hebert
|
Batting: LHB Ignacio Bernal
|
0-0: Ball 1-0: Ground out 6-3 (Groundball, 6, EV 78.1 MPH)
|
Batting: RHB Tatsunori Hayakawa
|
0-0: Ball 1-0: Foul Ball, location: 2F 1-1: Called Strike 1-2: Ground out 4-3 (Groundball, 4, EV 100.6 MPH)
|
Batting: LHB Tom Reynolds
|
0-0: Ball 1-0: Fly out, F8 (Flyball, 8LXD, EV 80.6 MPH)
|
Bottom of the 6th over - 0 runs, 0 hits, 0 errors, 0 left on base; Nashville 2 - Tacoma 1 |
TOP OF THE 7TH |
Nashville Sounds batting - Pitching for Tacoma Rainiers : LHP Steve Cruz
|
Batting: SHB Gregg Whitecotton
|
0-0: Swinging Strike 0-1: SINGLE (Groundball, 6MD, EV 99.4 MPH)
|
Batting: RHB Josh Sinden
|
0-0: Ball 1-0: Sac Bunt to 2L - play at first, batter OUT! 2-4 Gregg Whitecotton to second
|
Batting: RHB Mike Cervino
|
0-0: Ball 1-0: Ball Gregg Whitecotton steals 3rd base 2-0: Squeeze Bunt to 25 - play home, runner OUT, batter safe! 5-2
|
Batting: RHB Daniel Barger
|
0-0: Called Strike Mike Cervino steals 2nd base 0-1: Foul Ball, location: 2F 0-2: Foul Ball, location: 2F 0-2: SINGLE (Groundball, 23, EV 68.8 MPH) (infield hit) Mike Cervino to third
|
Batting: RHB Jeff Garofalo
|
0-0: Ball 1-0: Foul Ball, location: 2F 1-1: Swinging Strike 1-2: Foul Ball, location: 2F 1-2: Strikes out swinging
|
Top of the 7th over - 0 runs, 2 hits, 0 errors, 2 left on base; Nashville 2 - Tacoma 1 |
BOTTOM OF THE 7TH |
Tacoma Rainiers batting - Pitching for Nashville Sounds : RHP Josh Hebert
|
Batting: RHB Kumar Madugula
|
0-0: Called Strike 0-1: Ball 1-1: Swinging Strike 1-2: Foul Ball, location: 2F 1-2: Foul Ball, location: 2F 1-2: Foul Ball, location: 2F 1-2: Ball 2-2: SINGLE (Groundball, 5D, EV 106.2 MPH)
|
Batting: SHB Ismael Bello
|
0-0: Ground out 4-3 (Groundball, 4S, EV 70.6 MPH) Kumar Madugula to second
|
Batting: RHB David Aguilar
|
0-0: Fly out, F8 (Flyball, 78D, EV 95.6 MPH) Runner from 2nd tags up, SAFE at 3rd with throw by CF
|
Batting: SHB Tony de Lara
|
0-0: Called Strike 0-1: Foul Ball, location: 2F 0-2: Ball 1-2: Ball 2-2: Foul Ball, location: 2F 2-2: Strikes out looking
|
Bottom of the 7th over - 0 runs, 1 hit, 0 errors, 1 left on base; Nashville 2 - Tacoma 1 |
TOP OF THE 8TH |
Nashville Sounds batting - Pitching for Tacoma Rainiers : LHP Steve Cruz
|
Pitching: RHP Francisco Mercado
|
|
Batting: LHB Paul Perry
|
0-0: Ball 1-0: Ball 2-0: Called Strike 2-1: SINGLE (Groundball, 6MD, EV 96.2 MPH)
|
Batting: LHB Isto Mäyrä
|
0-0: Ball 1-0: Ball 2-0: Ball Paul Perry steals 2nd base 3-0: Intentional Walk
|
Batting: RHB Dusty Thompson
|
0-0: Ball Paul Perry steals 3rd base Isto Mäyrä to second 1-0: Intentional Walk
|
Batting: RHB Colin Boddy
|
0-0: Grounds into fielders choice 4-2 (Groundball, 4, EV 104.4 MPH) Isto Mäyrä to third Dusty Thompson to second
|
Batting: SHB Gregg Whitecotton
|
0-0: Foul Ball, location: 2F 0-1: Swinging Strike 0-2: Foul Ball, location: 2F 0-2: Ball 1-2: Strikes out looking
|
Batting: RHB Josh Sinden
|
0-0: Called Strike 0-1: SINGLE (Groundball, 56D, EV 98.1 MPH) Isto Mäyrä scores Dusty Thompson to third Colin Boddy to second Runner from 3rd tries for Home, SAFE, throw by LF to home
|
Batting: RHB Mike Cervino
|
0-0: Ball 1-0: Ball 2-0: Ball 3-0: Base on Balls Colin Boddy to third Josh Sinden to second
|
Batting: RHB Daniel Barger
|
0-0: Ball 1-0: Ball 2-0: SINGLE (Groundball, 6MD, EV 106.2 MPH) Colin Boddy scores Josh Sinden to third Mike Cervino to second Runner from 3rd tries for Home, SAFE, throw by CF to home
|
Pitching: RHP Michito Ito
|
|
Batting: RHB Jeff Garofalo
|
0-0: Ball 1-0: Ball 2-0: Ball 3-0: Called Strike 3-1: Base on Balls Mike Cervino to third Daniel Barger to second
|
Batting: LHB Paul Perry
|
0-0: DOUBLE (Line Drive, 89D, EV 104.4 MPH) Mike Cervino scores Daniel Barger scores Jeff Garofalo to third
|
Batting: LHB Isto Mäyrä
|
0-0: Ball 1-0: SINGLE (Groundball, 34S, EV 64.4 MPH) (infield hit) Jeff Garofalo scores Paul Perry to third
|
Pinch Hitting: RHB Chris Stillions
|
0-0: Swinging Strike 0-1: Fly out, F9 (Flyball, 9, EV 88.8 MPH)
|
Top of the 8th over - 7 runs, 5 hits, 0 errors, 2 left on base; Nashville 9 - Tacoma 1 |
BOTTOM OF THE 8TH |
Tacoma Rainiers batting - Pitching for Nashville Sounds : RHP Josh Hebert
|
Now at 1B: Alan Oxenrider
|
|
Batting: RHB Sumiki Ryu
|
0-0: Called Strike 0-1: Foul Ball, location: 2F 0-2: Ball 1-2: Foul Ball, location: 2F 1-2: Foul Ball, location: 2F 1-2: Fly out, F8 (Flyball, 8RM, EV 80.6 MPH)
|
Pitching: RHP T.J. Hirst
|
|
Batting: RHB Jim Begger
|
0-0: Ball 1-0: Ball 2-0: Foul Ball, location: 2F 2-1: Swinging Strike 2-2: Ground out 6-3 (Groundball, 6, EV 83.1 MPH)
|
Batting: LHB Ignacio Bernal
|
0-0: Foul Ball, location: 2F 0-1: Ground out 4-3 (Groundball, 4, EV 94.4 MPH)
|
Bottom of the 8th over - 0 runs, 0 hits, 0 errors, 0 left on base; Nashville 9 - Tacoma 1 |
TOP OF THE 9TH |
Nashville Sounds batting - Pitching for Tacoma Rainiers : RHP Michito Ito
|
Batting: RHB Colin Boddy
|
0-0: Called Strike 0-1: Ball 1-1: Ball 2-1: Ball 3-1: Base on Balls
|
Batting: SHB Gregg Whitecotton
|
0-0: Fielders Choice at 2nd, 4-6 (Groundball, 4M, EV 86.9 MPH)
|
Batting: RHB Josh Sinden
|
0-0: Ball 1-0: Ball Gregg Whitecotton steals 2nd base (no throw) 2-0: Ball 3-0: Base on Balls
|
Batting: RHB Mike Cervino
|
0-0: Ball 1-0: Called Strike 1-1: Ball 2-1: Ball 3-1: Foul Ball, location: 2F 3-2: Base on Balls Gregg Whitecotton to third Josh Sinden to second
|
Batting: RHB Daniel Barger
|
0-0: Called Strike 0-1: Ball 1-1: Swinging Strike 1-2: Ball 2-2: Foul Ball, location: 2F 2-2: Ball 3-2: Base on Balls Gregg Whitecotton scores Josh Sinden to third Mike Cervino to second
|
Pitching: RHP Dave McGee
|
|
Batting: RHB Jeff Garofalo
|
0-0: Ball 1-0: Ball 2-0: Called Strike 2-1: Foul Ball, location: 2F 2-2: Ground out 6-3 (Groundball, P, EV 90.0 MPH) Josh Sinden scores Mike Cervino to third Daniel Barger to second
|
Batting: LHB Paul Perry
|
0-0: SINGLE (Groundball, 34D, EV 101.9 MPH) Mike Cervino scores Daniel Barger to third Runner from 3rd tries for Home, throw by RF and OUT! 9-2
|
Top of the 9th over - 3 runs, 1 hit, 0 errors, 1 left on base; Nashville 12 - Tacoma 1 |
BOTTOM OF THE 9TH |
Tacoma Rainiers batting - Pitching for Nashville Sounds : RHP T.J. Hirst
|
Batting: RHB Tatsunori Hayakawa
|
0-0: Foul Ball, location: 2F 0-1: Called Strike 0-2: Strikes out looking
|
Batting: LHB Tom Reynolds
|
0-0: Called Strike 0-1: Swinging Strike 0-2: Foul Ball, location: 2F 0-2: Ball 1-2: Fly out, F7 (Flyball, 7D, EV 106.2 MPH)
|
Batting: RHB Kumar Madugula
|
0-0: Ball 1-0: Called Strike 1-1: Foul Ball, location: 2F 1-2: Foul Ball, location: 2F 1-2: Ground out 5-3 (Groundball, 5S, EV 72.5 MPH)
|
Bottom of the 9th over - 0 runs, 0 hits, 0 errors, 0 left on base; Nashville 12 - Tacoma 1 |
|